 Dungeon Crawl Stone Soup version 0.20-a0-350-ga83eecc (webtiles) character file.

691 RonnieColeman the Magician (level 7, -1/41 HPs)
             Began as an Octopode Conjurer on Dec 23, 2016.
             Was a Follower of Sif Muna.
             Killed from afar by RonnieColeman's ghost (32 damage)
             ... with an orb of energy
             ... on level 4 of the Dungeon.
             The game lasted 00:17:00 (4804 turns).

RonnieColeman the Magician (Octopode Conjurer)      Turns: 4804, Time: 00:17:00

Health: -1/41      AC:  1    Str:  7    XL:     7   Next: 63%
Magic:  7/16       EV: 13    Int: 20    God:    Sif Muna [*.....]
Gold:   161        SH:  0    Dex: 12    Spells: 8/18 levels left

rFire  . . .     SeeInvis .     h - +0 dagger
rCold  . . .     Gourm    .     (no shield)
rNeg   . . .     Faith    .     (helmet restricted)
rPois  .         Spirit   .     (no amulet)
rElec  .         Reflect  .     (no ring)
rCorr  .         Harm     .     (no ring)
MR     .....                    (no ring)
Stlth  +++.......               (no ring)
                                (no ring)
                                (no ring)
                                (no ring)
                                (no ring)

@: lethally poisoned (-1 -> -5), drained
A: almost no armour, stealthy swim, amphibious, 8 rings, constrict 8, camouflage
1, gelatinous body 1
a: Divine Energy, Renounce Religion


You were on level 4 of the Dungeon.
You worshipped Sif Muna.
Sif Muna was aware of your devotion.
You were hungry.

You visited 1 branch of the dungeon, and saw 4 of its levels.

You collected 183 gold pieces.
You spent 22 gold pieces at shops.

Inventory:

Hand Weapons
 h - a +0 dagger (weapon)
Scrolls
 d - a scroll of remove curse {unknown}
 e - a scroll of immolation {unknown}
 j - 4 scrolls of identify {unknown}
 k - 6 scrolls of teleportation {unknown}
 l - a scroll of magic mapping {unknown}
 m - 5 scrolls of random uselessness {unknown}
 o - a scroll of recharging {unknown}
 q - a scroll of noise {unknown}
 s - 2 scrolls of amnesia {unknown}
Potions
 c - a potion of agility
 p - a potion of brilliance {unknown}
 r - a potion of berserk rage {unknown}
Books
 a - a book of Conjurations

   Spells                             Type                      Level
   a - Magic Dart                     Conjuration                  1
   b - Searing Ray                    Conjuration                  2
   c - Dazzling Spray                 Conjuration/Hexes            3
   d - Fulminant Prism                Conjuration/Hexes            4
   e - Iskenderun's Mystic Blast      Conjuration                  4
   f - Iskenderun's Battlesphere      Conjuration/Charms           5
Comestibles
 b - 6 bread rations
 f - 5 fruits
 g - 3 slices of pizza
 i - 2 chunks of flesh
 n - a meat ration


   Skills:
 - Level 2.0(1.3) Dodging
 - Level 2.6(2.0) Stealth
 * Level 6.2(5.4) Spellcasting
 + Level 6.1(5.3) Conjurations
 * Level 1.4(0.7) Charms


You had 8 spell levels left.
You knew the following spells:

 Your Spells              Type           Power        Failure   Level  Hunger
a - Magic Dart            Conj           ####         1%          1    None
b - Iskenderun's Battles  Conj/Chrm      ###.....     89%         5    #####..
c - Iskenderun's Mystic   Conj           ####....     14%         4    ####...


Dungeon Overview and Level Annotations

Branches:
Dungeon (4/15)
 Temple: D:4-7

Altars:
Sif Muna
Uskayaw

Shops:
D:4 =

Annotations:
D:4 RonnieColeman's ghost, amateur OpCj


Innate Abilities, Weirdness & Mutations

You cannot wear most types of armour.
You are very stealthy in the water. (Stealth+)
You are amphibious.
You can wear up to eight rings at the same time.
You can use your tentacles to constrict eight enemies at once.
Your skin changes colour to match your surroundings (Stealth+).
Your rubbery body absorbs attacks. (AC +1, EV +1)


Message History

Aim: a worker ant (almost dead)
The magic dart hits the worker ant.
You kill the worker ant!
Sif Muna accepts your kill.
You feel sick.
You start resting.
You feel sick. x2
Casting: Magic Dart
Confirm with . or Enter, or press ? or * to list all spells.
Aiming: Iskenderun's Mystic Blast
Press: ? - help, Shift-Dir - straight line, f - RonnieColeman's ghost
Aim: RonnieColeman's ghost, wielding a weapon of venom (hasn't noticed you)
The orb of energy misses RonnieColeman's ghost.
RonnieColeman's ghost turns its malevolent gaze towards you.
You are feeling hungry.
You feel sick.
RonnieColeman's ghost screams, "You will never get the ORB!"
RonnieColeman's ghost casts a spell at you.
The orb of energy hits you!
Ouch! That really hurt!
You die...

.≈..≈..≈..≈≈#
.≈.⌠≈..≈..≈≈#
≈..≈⌠.≈...≈≈# # #
≈..≈..≈..≈≈≈# .# ..
.≈≈..≈..≈≈≈## #. ...
.....≈..≈.##$ #W >.
......≈≈..# #. ##.#.#
..........###..#....#
...........# #.@#
##...####### #..#
#...# ....#
##.####### ####.#
#..(....# #..
#######.# ### ##.##.#
#####...#.#####
..))..........#


You could see RonnieColeman's ghost.

Vanquished Creatures
  Edmund (D:4)
  Blork the orc (D:4)
  A scorpion (D:4)
  A hound (D:4)
  A gnoll shaman (D:4)
  An orc wizard (D:3)
  Terence (D:3)
  2 worker ants (D:4)
  Natasha (twice) (D:3)
  Robin (D:4)
  7 gnolls
  6 adders
  An ooze (D:3)
  4 worms
  4 dart slugs
  5 leopard geckos
  3 orcs (D:3)
  A ball python (D:1)
  2 giant cockroaches
  13 goblins
  16 hobgoblins
  4 jackals
  4 bats
  2 frilled lizards
  4 kobolds
  A leopard gecko skeleton (D:4)
  A quokka skeleton (D:4)
  16 rats
106 creatures vanquished.

Notes
Turn   | Place    | Note
-------+----------+-------------------------------------------
     0 | D:1      | RonnieColeman the Octopode Conjurer began the quest for the Orb.
     0 | D:1      | Reached XP level 1. HP: 11/11 MP: 3/3
   237 | D:1      | Reached XP level 2. HP: 12/17 MP: 5/5
   698 | D:2      | Reached XP level 3. HP: 19/21 MP: 7/7
  1036 | D:2      | HP: 1/21 [worm (11)]
  1380 | D:1      | Reached XP level 4. HP: 19/27 MP: 3/8
  1630 | D:2      | Found a deep blue altar of Sif Muna.
  1682 | D:2      | Became a worshipper of Sif Muna the Loreminder
  1811 | D:3      | Noticed Natasha
  1820 | D:3      | Killed Natasha
  2039 | D:3      | Reached skill level 5 in Conjurations
  2039 | D:3      | Reached XP level 5. HP: 15/31 MP: 5/10
  2143 | D:3      | Noticed Terence
  2332 | D:4      | Learned a level 4 spell: Iskenderun's Mystic Blast
  2639 | D:4      | Noticed Robin
  2643 | D:4      | Killed Robin
  2721 | D:4      | Found a hide-covered altar of Uskayaw.
  2844 | D:4      | Reached XP level 6. HP: 36/36 MP: 4/13
  2999 | D:4      | Noticed Blork the orc
  3002 | D:4      | Found Zobb's Jewellery Shop.
  3018 | D:4      | Killed Blork the orc
  3018 | D:4      | Reached * piety under Sif Muna
  3018 | D:4      | Reached skill level 5 in Spellcasting
  3195 | D:4      | Bought a cursed amulet of inaccuracy for 22 gold pieces
  3273 | D:4      | Noticed Edmund
  3523 | D:4      | Reached XP level 7. HP: 37/41 MP: 9/15
  3844 | D:4      | Killed Edmund
  4000 | D:3      | Killed Terence
  4192 | D:4      | Noticed RonnieColeman's ghost (amateur OpCj)
  4226 | D:3      | Learned a level 5 spell: Iskenderun's Battlesphere
  4586 | D:3      | Reached skill level 1 in Charms
  4763 | D:3      | Noticed Natasha
  4766 | D:3      | Killed Natasha
  4804 | D:4      | Killed from afar by RonnieColeman's ghost

Vault maps used:
D:1:      nicolae_arrival_memento_mori, serial_bayou_pond_a,
          minmay_rat_gold_closets
D:2:      first_bread, kennysheep_flooded_box
D:3:      uniq_terence, uniq_natasha
D:4:      cheibrodos_helix_gallery, marbit_many_paths, serial_shops,
          nicolae_shop_trees, minmay_liquid_box, uniq_robin, uniq_edmund,
          uniq_blork_the_orc

Skill      XL: |  1  2  3  4  5  6  7 |
---------------+----------------------+-----
Spellcasting   | 3 4 5 6 |  6.2
Conjurations   | 5 6 |  6.1
Charms         | 1 |  1.4
Dodging        | |  2.0
Stealth        | |  2.6

Action                   |  1- 3 |  4- 6 |  7- 9 || total
-------------------------+-------+-------+-------++-------
Melee: Unarmed           |    17 |       |       ||    17
       Constrict         |    18 |    22 |    10 ||    50
       Tentacles         |    10 |    18 |    11 ||    39
       Dagger            |    56 |    92 |    39 ||   187
 Cast: Magic Dart        |    15 |    83 |    27 ||   125
       Iskenderun's Myst |       |     2 |    16 ||    18
  Use: Potion            |       |     2 |       ||     2
 Stab: Sleeping          |    18 |     3 |     1 ||    22
  Eat: Chunk             |     1 |     7 |     2 ||    10
       Meat ration       |       |       |     1 ||     1
Armor: Skin              |     4 |     3 |     4 ||    11
Dodge: Dodged            |    41 |    69 |    27 ||   137
